 Dungeon Crawl Stone Soup version 0.19-a0-879-gdac7d08 (webtiles) character file.

28 Musica the Firebug (level 3, -10/19 HPs)
             Began as a Deep Elf Fire Elementalist on July 4, 2016.
             Killed from afar by Ijyb (29 damage)
             ... with a wand of lightning
             ... on level 2 of the Dungeon.
             The game lasted 00:03:33 (548 turns).

Musica the Firebug (Deep Elf Fire Elementalist)      Turns: 548, Time: 00:03:34

Health: -10/19     AC:  2    Str:  5    XL:     3   Next: 0%
Magic:  0/9        EV: 13    Int: 20    God:
Gold:   32         SH:  0    Dex: 15    Spells: 2 memorised, 5 levels left

rFire  . . .     SeeInvis .     e - +0 dagger
rCold  . . .     Gourm    .     a - +0 robe
rNeg   . . .     Faith    .     (no shield)
rPois  .         Spirit   .     (no helmet)
rElec  .         Dismiss  .     (no cloak)
rCorr  .         Reflect  .     (no gloves)
SustAt .         Harm     .     (no boots)
MR     .....                    (no amulet)
Stlth  ++........               (no ring)
                                (no ring)

@: very slightly contaminated, not resistant to hostile enchantments, unstealthy
A: no striking features
a: no special abilities


You were on level 2 of the Dungeon.
You were not hungry.

You visited 1 branch of the dungeon, and saw 2 of its levels.

You collected 32 gold pieces.

Inventory:

Hand Weapons
 e - a +0 dagger (weapon)
Missiles
 g - 3 throwing nets (quivered)
Armour
 a - a +0 robe (worn)
Scrolls
 f - a scroll of identify {unknown}
 i - a scroll of immolation {unknown}
 j - a scroll of fear {unknown}
Potions
 h - a potion of lignification {unknown}
 k - a potion of mutation {unknown}
 m - a potion of curing {unknown}
 n - a potion of heal wounds {unknown}
Books
 b - a book of Flames

   Spells                             Type                      Level
   a - Flame Tongue                   Conjuration/Fire             1
   b - Throw Flame                    Conjuration/Fire             2
   c - Conjure Flame                  Conjuration/Fire             3
   d - Inner Flame                    Hexes/Fire                   3
   e - Sticky Flame                   Conjuration/Fire             4
   f - Fireball                       Conjuration/Fire             5
Comestibles
 c - a bread ration
 d - a beef jerky
 l - a meat ration
 o - 3 chunks of flesh


   Skills:
 - Level 2.4 Dodging
 - Level 2.4 Stealth
 + Level 3.4 Spellcasting
 + Level 1.4 Conjurations
 + Level 4.2 Fire Magic


You had 5 spell levels left.
You knew the following spells:

 Your Spells              Type           Power        Failure   Level  Hunger
a - Flame Tongue          Conj/Fire      ##...        4%          1    None
b - Throw Flame           Conj/Fire      ##....       10%         2    ##.....


Dungeon Overview and Level Annotations

Branches:
Dungeon (2/15)

Altars:

Annotations:
D:2 Ijyb


Message History

Aiming: Flame Tongue
Press: ? - help, Shift-Dir - straight line, f/p - Ijyb
Aim: Ijyb, wielding a dagger of draining, wearing a runed chain mail and carrying a wand of lightning {zapped: 1} (moderately wounded)
The flame tongue hits Ijyb.
Ijyb is severely wounded.
Ijyb misses you.
Casting: Flame Tongue
Confirm with . or Enter, or press ? or * to list all spells.
Aiming: Flame Tongue
Press: ? - help, Shift-Dir - straight line, f/p - Ijyb
Aim: Ijyb, wielding a dagger of draining, wearing a runed chain mail and carrying a wand of lightning {zapped: 1} (severely wounded)
The flame tongue misses Ijyb.
Ijyb closely misses you.
Casting: Flame Tongue
Confirm with . or Enter, or press ? or * to list all spells.
Aiming: Flame Tongue
Press: ? - help, Shift-Dir - straight line, f/p - Ijyb
Aim: Ijyb, wielding a dagger of draining, wearing a runed chain mail and carrying a wand of lightning {zapped: 1} (heavily wounded)
The flame tongue misses Ijyb.
Ijyb zaps a wand.
The bolt of lightning hits you!
Ouch! That really hurt!
You die...

#.....#
#.....#
#.....#
##+##.....##+#
#............#
#............#
#...##########
#...#...)...#
#...'@g)....+
#..('.......#
#############


You could see Ijyb.

Vanquished Creatures
  An adder (D:2)
  A worm (D:2)
  A bat (D:1)
  2 hobgoblins (D:1)
  A jackal (D:2)
  2 kobolds (D:1)
  A giant newt (D:1)
  5 goblins
  A rat (D:1)
15 creatures vanquished.

Notes
Turn   | Place    | Note
-------+----------+-------------------------------------------
     0 | D:1      | Musica the Deep Elf Fire Elementalist began the quest for the Orb.
     0 | D:1      | Reached XP level 1. HP: 10/10 MP: 6/6
   312 | D:1      | Reached XP level 2. HP: 15/15 MP: 5/8
   351 | D:1      | Learned a level 2 spell: Throw Flame
   370 | D:2      | Reached skill level 4 in Fire Magic
   539 | D:2      | Noticed Ijyb
   542 | D:2      | Reached XP level 3. HP: 19/19 MP: 6/9
   548 | D:2      | Killed from afar by Ijyb

Vault maps used:
D:1:      saegor_arrival_simple_c
D:2:      kennysheep_goblin_castle, first_bread, st_stairs_9, dk_noncrumbling_2,
          kennysheep_another_room, minmay_goblin_kobold_house

Skill      XL: |  1  2 |
---------------+-------+-----
Fire Magic     | 4 |  4.2
Dodging        | |  2.4
Stealth        | |  2.4
Spellcasting   | |  3.4
Conjurations   | |  1.4

Action                   || total
-------------------------++-------
Melee: Dagger            ||     5
 Cast: Flame Tongue      ||    28
       Throw Flame       ||     2
Armor: Robe              ||     1
Dodge: Dodged            ||     8
